General information
- name: BNet
- type: Ladder team game (AT/RT)
- host: Battle.net
- saver: brucewillisusa
map: ExcavationSite
- players: 4
- length: 27:10
- speed: Fast
- version: 1.24 W3XP
- replay type: Public
» download(116 KB)
Players
team 1 (winner)

»
avid.milk2 (
purple | 18 APM | 482 actions | 27:09)
2 Goblin Tinker
1 Pocket Factory
1 Engineering Upgrade
1 Pandaren Brewmaster
1 Breath of Fire
» actions
| Assign group hotkey | 16 | |
| Basic commands | 40 | |
| Build / train | 17 | |
| Enter build submenu | 4 | |
| Enter hero's abilities submenu | 3 | |
| Right click | 116 | |
| Select / deselect | 233 | |
| Select group hotkey | 12 | |
| Use ability | 41 | |
482 total
» units
» buildings
| Altar of Kings | 1 | |
| Farm | 1 | |
| Scout Tower | 1 | |
| Arcane Tower | 1 | |
4 total
» build order
00:09 Altar of Kings
00:12 Farm
03:22 Scout Tower
03:39 Arcane Tower

»
brucewillisusa (
orange | 82 APM | 2233 actions | 27:10)
5 Goblin Tinker
3 Pocket Factory
2 Engineering Upgrade
4 Pandaren Brewmaster
2 Breath of Fire
2 Drunken Brawler
3 Dark Ranger
2 Black Arrow
1 Life Drain
» actions
| Assign group hotkey | 51 | |
| Basic commands | 115 | |
| Build / train | 71 | |
| ESC pressed | 7 | |
| Enter build submenu | 22 | |
| Enter hero's abilities submenu | 12 | |
| Give item / drop item | 1 | |
| Right click | 907 | |
| Select / deselect | 404 | |
| Select group hotkey | 540 | |
| Use ability | 103 | |
2233 total
» units
| Acolyte | 6 | |
| Ghoul | 12 | |
| Crypt Fiend | 13 | |
| Obsidian Statue | 4 | |
| Necromancer | 2 | |
| Banshee | 2 | |
| Abomination | 1 | |
| Gargoyle | 1 | |
41 total
» upgrades
| Web | 1 | |
| Creature Attack | 3 | |
| Skeletal Mastery | 1 | |
| Necromancer Training | 1 | |
| Skeletal Longevity | 1 | |
| Creature Carapace | 1 | |
8 total
» buildings
| Crypt | 3 | |
| Ziggurat | 9 | |
| Altar of Darkness | 1 | |
| Halls of the Dead | 1 | |
| Graveyard | 1 | |
| Tomb of Relics | 2 | |
| Nerubian Tower | 2 | |
| Slaughterhouse | 1 | |
| Black Citadel | 1 | |
| Temple of the Damned | 1 | |
| Necropolis | 2 | |
| Sacrificial Pit | 1 | |
25 total
» build order
00:18 Crypt
00:20 Ziggurat
00:29 Crypt
00:41 Crypt
00:52 Altar of Darkness
01:09 Ziggurat
02:25 Ziggurat
02:27 Ziggurat
02:45 Halls of the Dead
03:17 Graveyard
03:19 Ziggurat
03:21 Tomb of Relics
04:29 Ziggurat
09:24 Nerubian Tower
09:25 Nerubian Tower
12:03 Slaughterhouse
13:57 Black Citadel
15:35 Temple of the Damned
15:37 Ziggurat
15:37 Ziggurat
23:21 Necropolis
23:49 Tomb of Relics
24:41 Ziggurat
26:37 Sacrificial Pit
26:47 Necropolis
» items
| Scroll of Town Portal | 2 | |
| Rod of Necromancy | 1 | |
3 total
team 2 (loser)
iCeK (
red | 58 APM | 1584 actions | 27:09)
5 Dreadlord
3 Vampiric Aura
1 Carrion Swarm
1 Sleep
» actions
| Build / train | 69 | |
| Enter build submenu | 21 | |
| Enter hero's abilities submenu | 5 | |
| Give item / drop item | 5 | |
| Right click | 928 | |
| Select / deselect | 490 | |
| Use ability | 66 | |
1584 total
» units
| Acolyte | 4 | |
| Ghoul | 21 | |
| Gargoyle | 3 | |
| Crypt Fiend | 9 | |
| Obsidian Statue | 2 | |
| Abomination | 6 | |
| Frost Wyrm | 1 | |
46 total
» upgrades
| Unholy Strength | 2 | |
| Unholy Armor | 1 | |
| Web | 1 | |
| Disease Cloud | 1 | |
| Ghoul Frenzy | 1 | |
| Cannibalize | 1 | |
7 total
» buildings
| Crypt | 4 | |
| Ziggurat | 7 | |
| Altar of Darkness | 1 | |
| Graveyard | 1 | |
| Tomb of Relics | 1 | |
| Nerubian Tower | 1 | |
| Halls of the Dead | 1 | |
| Slaughterhouse | 1 | |
| Black Citadel | 1 | |
| Sacrificial Pit | 1 | |
| Boneyard | 1 | |
20 total
» build order
00:10 Crypt
00:19 Crypt
00:26 Crypt
00:32 Ziggurat
00:46 Altar of Darkness
01:02 Graveyard
01:11 Crypt
01:18 Tomb of Relics
01:30 Ziggurat
01:42 Ziggurat
02:03 Nerubian Tower
02:10 Ziggurat
02:55 Ziggurat
03:33 Ziggurat
04:50 Halls of the Dead
11:31 Slaughterhouse
12:02 Black Citadel
20:01 Sacrificial Pit
21:43 Boneyard
23:23 Ziggurat
» items
| Rod of Necromancy | 2 | |
| Dust of Appearance | 1 | |
| Sacrificial Skull | 2 | |
| Potion of Healing | 1 | |
| Potion of Mana | 1 | |
7 total
UbberNoob (
green | 53 APM | 1401 actions | 26:13)
4 Death Knight
2 Death Coil
2 Unholy Aura
» actions
| Assign group hotkey | 2 | |
| Basic commands | 4 | |
| Build / train | 9 | |
| Enter build submenu | 2 | |
| Enter hero's abilities submenu | 4 | |
| Give item / drop item | 1 | |
| Remove unit from queue | 1 | |
| Right click | 1147 | |
| Select / deselect | 177 | |
| Select group hotkey | 21 | |
| Use ability | 33 | |
1401 total
» units
» buildings
| Ziggurat | 1 | |
| Altar of Darkness | 1 | |
2 total
» build order
00:08 Ziggurat
00:11 Altar of Darkness
» items
Chat log
(00:09 / Allies) brucewillisusa: gross combo
(00:16 / Allies) brucewillisusa: feed me for ghoul rush
(01:18 / Allies) brucewillisusa: no more peons
(01:20 / Allies) brucewillisusa: send a miltita to tav
(01:21 / Allies) avid.milk2: am?
(01:25 / Allies) brucewillisusa: no
(01:26 / Allies) brucewillisusa: we both go tinker
(01:33 / Allies) avid.milk2: k
(01:42 / Allies) brucewillisusa: dam,n theyre feeding
(01:48 / Allies) brucewillisusa: w/e
(01:49 / Allies) avid.milk2: hit the fed one
(01:51 / Allies) avid.milk2: not the feeder
(01:53 / Allies) brucewillisusa: rly?
(01:56 / All) UbberNoob: can u guys go easy?
(02:03 / Allies) avid.milk2: dont answer
(02:03 / Allies) brucewillisusa: dont say anything
(02:04 / Allies) brucewillisusa: thsi game
(02:04 / Allies) brucewillisusa: ya
(02:09 / Allies) brucewillisusa: only asking for it
(02:10 / Allies) avid.milk2: fyucking ubber
(02:12 / Allies) avid.milk2: gay german words
(02:19 / Allies) brucewillisusa: feed
(02:27 / Allies) avid.milk2: factiory?
(02:42 / Allies) avid.milk2: oh GAWWWWWWWWWD they harass
(02:45 / Allies) avid.milk2: maybe we quit before they get here
(02:46 / Allies) avid.milk2: ?
(03:07 / Allies) brucewillisusa: hit feeder
(03:08 / Allies) brucewillisusa: theyre bad
(03:10 / Allies) brucewillisusa: easier to kill feeder
(03:38 / Allies) brucewillisusa: wait
(03:39 / Allies) brucewillisusa: for ghouls
(03:43 / Allies) brucewillisusa: and avoid
(03:44 / Allies) brucewillisusa: surround
(03:45 / Allies) brucewillisusa: back when they tp
(03:48 / Allies) brucewillisusa: back run when they tp
(03:49 / Allies) brucewillisusa: hero run
(03:52 / Allies) brucewillisusa: k gogogo
(03:55 / Allies) brucewillisusa: set factory then hero back out
(04:20 / Allies) brucewillisusa: his main
(04:21 / Allies) brucewillisusa: then i tp u
(04:44 / Allies) brucewillisusa: tp
(04:45 / Allies) brucewillisusa: now
(04:45 / Allies) brucewillisusa: now
(05:06 / Allies) brucewillisusa: wood me?
(06:58 / Allies) avid.milk2: he techd'
(07:00 / All) brucewillisusa: me lose game? uih oh
(07:51 / Allies) brucewillisusa: why no hero?
(08:01 / Allies) avid.milk2: no $;
(08:54 / Allies) avid.milk2: garg n gool
(09:06 / Allies) brucewillisusa: fuck
(09:07 / Allies) brucewillisusa: his zig
(09:08 / Allies) brucewillisusa: has 2 hp
(09:13 / Allies) brucewillisusa: could have killed it
(09:15 / Allies) brucewillisusa: to avoid dk
(09:52 / Allies) avid.milk2: shoulda got naga
(10:06 / Allies) brucewillisusa: tehres no fucking shop
(10:07 / Allies) brucewillisusa: for miles
(10:08 / Allies) brucewillisusa: wow
(11:34 / Allies) brucewillisusa: fuck
(14:02 / Allies) avid.milk2: facking tinker
(15:58 / Allies) brucewillisusa: U HAVE A PEON???
(16:03 / Allies) avid.milk2: yea
(16:09 / Allies) avid.milk2: 500 gees for a town tho
(16:14 / Allies) avid.milk2: and 20 minutes
(16:30 / Allies) avid.milk2: besides where would i mine
(16:49 / Allies) avid.milk2: ur at 51 food
(17:31 / Allies) avid.milk2: i dont like where this is going
(18:26 / Allies) avid.milk2: id say run
(18:31 / Allies) avid.milk2: be he runs faster
(18:41 / Allies) avid.milk2: lol bottleneckl
(19:50 / Allies) avid.milk2: how come you dont breath more
(19:57 / Allies) brucewillisusa: ...
(19:59 / Allies) brucewillisusa: hwo come you dont
(20:03 / Allies) avid.milk2: if you want me to
(20:05 / Allies) avid.milk2: ill do it
(20:21 / Allies) avid.milk2: w/e i still got another peon
(20:50 / Allies) avid.milk2: a peon and a lord knight wander lost through the desert
(20:56 / Allies) avid.milk2: jand manage to bump into each other
(20:58 / Allies) avid.milk2: blindfolded
(22:45 / Allies) brucewillisusa: they dont have enough gold for a wyrm
(22:47 / Allies) brucewillisusa: gonnna sell items proly
(22:50 / Allies) brucewillisusa: or that
(22:52 / Allies) avid.milk2: he unsommon
(22:59 / Allies) avid.milk2: what a gay
(24:05 / Allies) avid.milk2: another one
(25:41 / All) brucewillisusa: noobs
(26:16 / All) iCeK: fuck your mom in the buTttt
(26:20 / All) avid.milk2: dog
(26:24 / All) iCeK: mother fuacker
(26:58 / Allies) brucewillisusa: a garg?
(26:59 / Allies) brucewillisusa: wtf
(27:04 / Allies) avid.milk2: i didnt do it